 Dungeon Crawl Stone Soup version 0.32-a0-913-g739538afd8 (webtiles) character file.

Game seed: 13126039147429435114

128 tilp the Vexing (level 4, -7/33 HPs)
             Began as a Vampire Enchanter on Apr 7, 2024.
             Mangled by Natasha (9 damage)
             ... on level 2 of the Dungeon.
             The game lasted 00:04:18 (1927 turns).

tilp the Vexing (Vampire Enchanter)                 Turns: 1927, Time: 00:04:19

Health: -7/33      AC:  2    Str:  7    XL:     4   Next: 87%
Magic:  1/7        EV: 11    Int: 19    God:
Gold:   117        SH:  0    Dex: 14    Spells: 2/7 levels left

rFire   . . .        a - +2 dagger
rCold   . . .        (no shield)
rNeg    . . .        d - +0 robe
rPois   .            (no helmet)
rElec   .            (no cloak)
rCorr   .            (no gloves)
SInv    +            (no boots)
Will    .....        (no amulet)
Stlth   +++          (no ring)
HPRegen 0.45/turn    (no ring)
MPRegen 0.10/turn

%: no passive effects
@: very slightly contaminated, healing quickly, invisible
A: alive, fangs 3, see invisible, vampiric 2
a: Exsanguinate


You were on level 2 of the Dungeon.
You visited 1 branch of the dungeon, and saw 2 of its levels.

You collected 117 gold pieces.

Inventory:

Hand Weapons
 a - a +2 dagger (weapon)
 b - a +0 dagger of venom
Armour
 d - a +0 robe (worn)
Scrolls
 f - a scroll of silence
Potions
 c - a potion of invisibility
 e - a potion of degeneration {unknown}


   Skills:
 * Level 1.7 Fighting
 + Level 1.6(2.2) Short Blades
 * Level 1.8(2.1) Long Blades
 + Level 2.8 Dodging
 + Level 4.9 Stealth
 + Level 2.3 Spellcasting
 * Level 5.3 Hexes


You had 2 spell levels left.
You knew the following spells:

 Your Spells              Type           Power      Damage    Failure   Level
a - Ensorcelled Hibernat  Hex/Ice        24%        N/A       9%          2
b - Confusing Touch       Hex            22%        N/A       5%          3

Your spell library contained the following spells:

 Spells                   Type           Power      Damage    Failure   Level
 Sublimation of Blood     Necr           2%         N/A       24%         2
 Tukima's Dance           Hex            22%        N/A       5%          3
 Dazzling Flash           Conj/Hex       24%        N/A       16%         3
 Petrify                  Alch/Erth      2%         N/A       85%         4
 Irradiate                Conj/Alch      1%         3d12      99%         5


Dungeon Overview and Level Annotations

Branches:
Dungeon (2/15)

Altars:

Annotations:
D:2 Natasha


Innate Abilities, Weirdness & Mutations

Your natural rate of healing is accelerated.
You have razor-sharp teeth.
You have supernaturally acute eyesight. (SInv)
You are afflicted with vampirism and can become a bat while bloodless.


Message History

Casting: Ensorcelled Hibernation (safe; 9% risk of failure)
Confirm with . or Enter, or press ? or * to list all spells.
Aiming: Ensorcelled Hibernation (safe; 9% risk of failure)
Press: ? - help, Shift-Dir - straight line, f/p - Natasha
Aim: Natasha, carrying a wand of flame (chance to affect: 46%)
You miscast Ensorcelled Hibernation.
You are very lightly contaminated with residual magic.
Nothing appears to happen.
Natasha zaps a wand.
The puff of flame hits you!
The cerulean imp hits you with a +2 spear.
Casting: Ensorcelled Hibernation (safe; 9% risk of failure)
Confirm with . or Enter, or press ? or * to list all spells.
Aiming: Ensorcelled Hibernation (safe; 9% risk of failure)
Press: ? - help, Shift-Dir - straight line, f/p - Natasha
Aim: Natasha, carrying a wand of flame (chance to affect: 46%) Natasha looks drowsy...
The cerulean imp hits you with a +2 spear.
Unknown command.
The cerulean imp hits you with a +2 spear.
* * * LOW HITPOINT WARNING * * *
Natasha hisses angrily.
You hit Natasha. You bite Natasha.
Natasha is moderately wounded.
Natasha casts a spell at you. The magic dart hits you.
* * * LOW HITPOINT WARNING * * *
Unknown command.
You closely miss Natasha.
Natasha is moderately wounded.
The cerulean imp hits you with a +2 spear.
* * * LOW HITPOINT WARNING * * *
Natasha barely misses you.
Unknown command.
You fade into invisibility!
The cerulean imp hits you with a +2 spear.
* * * LOW HITPOINT WARNING * * *
Natasha claws you but does no damage.
Unknown command.
Natasha claws you!
You die...
Natasha begins licking her fur clean.

......# ####..#### *,,
......###....## *,,
.#...##......# *,, ...........###
*** ......#..÷)# ......###..#
******** ,,........######
*,,,,,,, ,,...........5.###
*,,,,,,,
*,....########..@#********,,,,,,,
*,..#,* ###h.....).,,,,,,,),
,,#*,,*********#########**,,,,,,,
,†,,[,,,,,,,>,,,,,,,,,,,,,,,,,,,,
**,,**********************,,,,(,,
,,,** *,,,,,,, **** *,,,,,,< *
*,,,,,,, * ********


You could see Natasha and a cerulean imp (summoned, unable to see you).

Vanquished Creatures
  Jessica (D:2)
  Natasha (D:2)
  2 adders (D:2)
  2 ribbon worms (D:2)
  3 ball pythons
  5 bats
  2 endoplasms
  4 giant cockroaches
  5 goblins
  5 hobgoblins
  8 jackals (D:1)
  3 quokkas (D:1)
  2 frilled lizards
  A kobold (D:2)
  5 rats
49 creatures vanquished.

Notes
Turn   | Place    | Note
-------+----------+-------------------------------------------
     0 | D:1      | tilp the Vampire Enchanter began the quest for the Orb.
     0 | D:1      | Reached XP level 1. HP: 13/13 MP: 3/3
   193 | D:1      | Reached XP level 2. HP: 5/20 MP: 5/5
   236 | D:1      | Learned a level 2 spell: Ensorcelled Hibernation
   433 | D:1      | Reached skill level 1 in Long Blades
   442 | D:1      | Reached skill level 1 in Fighting
   444 | D:1      | Gained mutation: You are afflicted with vampirism and can
                  | become a bat while bloodless. [Vampire growth]
   444 | D:1      | Reached XP level 3. HP: 22/26 MP: 6/6
   448 | D:1      | Learned a level 3 spell: Confusing Touch
   853 | D:2      | Noticed Jessica
   946 | D:2      | Reached skill level 5 in Hexes
   990 | D:2      | Killed Jessica
   991 | D:2      | Reached XP level 4. HP: 28/32 MP: 2/7
  1300 | D:2      | Noticed Natasha
  1308 | D:2      | Killed Natasha
  1542 | D:2      | Found a faded altar of an unknown god.
  1780 | D:2      | Found a faded altar of an unknown god.
  1917 | D:2      | Noticed Natasha
  1926 | D:2      | HP: 1/33 [cerulean imp/+2 spear[Natasha] (2)]
  1927 | D:2      | Mangled by Natasha

Illustrated notes

Levels and vault maps discovered:
D:1:      eino_arrival_tree_alley, layout_rooms, minmay_stone_trees_small
D:2:      layout_rooms, shapermc_ecumenical_altar_ellora, chequers_garden,
          nicolae_underground_beach, uniq_natasha, uniq_jessica

Skill      XL: |  1  2  3 |
---------------+----------+-----
Long Blades    | 1 |  1.8
Fighting       | 1 |  1.7
Hexes          | 5 |  5.3
Short Blades   | |  1.6
Dodging        | |  2.8
Stealth        | |  4.9
Spellcasting   | |  2.3

Action                     |  1- 3 |  4- 6 || total
---------------------------+-------+-------++-------
  Melee: Dagger            |   125 |    27 ||   152
         Bite              |    14 |     3 ||    17
   Cast: Ensorcelled Hiber |    14 |     8 ||    22
    Use: Scroll            |     5 |     1 ||     6
         Potion            |     1 |     1 ||     2
   Stab: Sleeping          |     9 |     7 ||    16
         Distracted        |     1 |       ||     1
 Armour: Robe              |    74 |    25 ||    99
  Dodge: Dodged            |    71 |    10 ||    81

Table legend: (Time is in decaauts)
 A = Elapsed time spent in this place.
 B = Non-inter-level travel time spent in this place.
 C = Inter-level travel time spent in this place.
 D = Time resting spent in this place.
 E = Time spent auto-exploring this place.
 F = Levels seen in this place.
 G = Mean time per level.
                   A        B        C        D        E       F      G
               +--------+--------+--------+--------+--------+-----+--------+
         Total |   1915 |   1885 |     30 |     40 |   1357 |   2 |  957.5 |
       Dungeon |   1915 |   1885 |     30 |     40 |   1357 |   2 |  957.5 |
               +--------+--------+--------+--------+--------+-----+--------+

Top non-repeatable levels by time:
     D:2: 1181 daAuts
     D:1: 734 daAuts
